 Dungeon Crawl Stone Soup version 0.31.0-11-ge490571c62 (webtiles) character file.

Game seed: 11312767810125614333

79 qw the Shooter (level 4, 0/25 HPs)
             Began as a Deep Elf Hunter on Feb 5, 2024.
             Succumbed to an adder's poison
             ... on level 3 of the Dungeon.
             The game lasted 00:00:06 (2092 turns).

qw the Shooter (Deep Elf Hunter)                    Turns: 2092, Time: 00:00:06

Health: 0/25       AC:  3    Str: 10    XL:     4   Next: 16%
Magic:  6/6        EV: 13    Int: 14    God:
Gold:   52         SH:  0    Dex: 18    Spells: 3/3 levels left

rFire   . . .        a - +0 shortbow
rCold   + . .        (shield currently unavailable)
rNeg    . . .        e - +1 animal skin of the Blind Marksman {rC+}
rPois   .            (no helmet)
rElec   .            (no cloak)
rCorr   .            (no gloves)
SInv    .            (no boots)
Will    .....        (no amulet)
Stlth   ++           (no ring)
HPRegen 0.24/turn    (no ring)
MPRegen 0.10/turn

%: no passive effects
@: lethally poisoned (0 -> -18), about to teleport
A: no striking features
a: no special abilities


You were on level 3 of the Dungeon.
You visited 1 branch of the dungeon, and saw 3 of its levels.

You collected 52 gold pieces.


   Skills:
 - Level 1.5 Fighting
 + Level 7.6 Ranged Weapons
 - Level 2.4 Dodging
 - Level 1.2 Stealth


You had 3 spell levels left.
You didn't know any spells.
Your spell library was empty.

Inventory:

Hand Weapons
 a - a +0 shortbow (weapon)
Armour
 c - a +0 leather armour
 e - the +1 animal skin of the Blind Marksman (worn) {rC+}
   (You acquired it on level 1 of the Dungeon)

   rC+:       It protects you from cold.
Scrolls
 g - a scroll of teleportation
Potions
 f - a potion of cancellation
 h - a potion of curing
 j - a potion of mutation
 l - a potion of magic {unknown}

Dungeon Overview and Level Annotations

Branches:
Dungeon (3/15)

Altars:


Message History

The adder closely misses you. The adder bites you but does no damage.
The ribbon worm closely misses you.
You shoot an arrow.
The arrow barely misses the ribbon worm.
The adder completely misses you.
You shoot an arrow. The arrow hits the ribbon worm.
You kill the ribbon worm!
The adder closely misses you. The adder bites you but does no damage.
You shoot an arrow. The arrow barely misses the adder.
The adder closely misses you.
You shoot an arrow. The arrow barely misses the adder.
The adder bites you.
You are poisoned.
The adder poisons you!
You shoot an arrow. The arrow misses the adder.
You feel sick. The adder misses you.
You shoot an arrow. The arrow barely misses the adder.
You feel sick. The adder bites you.
You are more poisoned.
The adder poisons you! The adder bites you.
You shoot an arrow. The arrow misses the adder.
You feel sick. The adder bites you.
You are more poisoned.
The adder poisons you!
You shoot an arrow. The arrow closely misses the adder.
You feel sick. The adder bites you but does no damage.
You shoot an arrow. The arrow barely misses the adder.
You feel sick. The adder bites you.
You are lethally poisoned!
The adder poisons you! The adder barely misses you.
You shoot an arrow. The arrow hits the adder.
The adder is heavily wounded.
You feel very sick. The adder bites you.
You are more poisoned.
The adder poisons you!
2092 ||| READING 2 scrolls of teleportation.
As you read the scroll of teleportation, it crumbles to dust.
You feel strangely unstable.
You die...

.. + #.. .#
#..###+#+#+#.
............
#....#.#.#.#
##.....#.#.#
......%S<..#
#......@.#+#
..?....#........
.####..#........
....+........
.#.#.#........ #
#.#.#..##.... .
#.##.. .... ..
#. #. ...


You could see an adder.

Vanquished Creatures
  A gnoll (D:1)
  2 adders (D:2)
  3 ribbon worms
  A dart slug (D:2)
  5 ball pythons
  4 bats
  5 endoplasms
  A giant cockroach (D:1)
  3 goblins
  4 hobgoblins
  2 quokkas
  3 frilled lizards
  5 kobolds
  3 rats
42 creatures vanquished.

Notes
Turn   | Place    | Note
-------+----------+-------------------------------------------
     0 | D:1      | qw the Deep Elf Hunter began the quest for the Orb.
     0 | D:1      | Reached XP level 1. HP: 12/12 MP: 3/3
     0 | D:1      | 0 ||| qw: Version: 0.3-a-160-g6735b56
     0 | D:1      | 0 ||| qw: Game counter: 6165
     0 | D:1      | 0 ||| qw: Melee chars always use a shield: true
     0 | D:1      | 0 ||| qw: God list: Okawaru
     0 | D:1      | 0 ||| qw: Allow faded altars: false
     0 | D:1      | 0 ||| qw: Do Orc after clearing Dungeon:15 true
     0 | D:1      | 0 ||| qw: Do second Lair branch before Depths: true
     0 | D:1      | 0 ||| qw: Lair rune preference: random
     0 | D:1      | 0 ||| qw: Goals: Normal
     0 | D:1      | 0 ||| PLANNING D:1-11
   239 | D:1      | Reached skill level 6 in Ranged Weapons
   239 | D:1      | Reached XP level 2. HP: 16/16 MP: 4/4
   861 | D:1      | Reached XP level 3. HP: 20/20 MP: 5/5
  1080 | D:1      | 1080 ||| READING scroll labelled OCIWNO NUDU.
  1080 | D:1      | 1080 ||| IDENTIFYING grey potion
  1081 | D:1      | 1081 ||| READING scroll labelled PEUQOX JEORU.
  1082 | D:1      | 1082 ||| READING scroll labelled RIARYCZ QAMICH.
  1085 | D:1      | 1085 ||| READING scroll labelled LIDOHA GIUT.
  1085 | D:1      | Identified a scroll of acquirement
  1085 | D:1      | 1085 ||| ACQUIRING +1 animal skin of the Blind Marksman
                  | {rC+}
  1085 | D:1      | Acquired the +1 animal skin of the Blind Marksman {rC+}
  1087 | D:1      | 1087 ||| UPGRADING to +1 animal skin of the Blind Marksman
                  | {rC+}.
  1097 | D:1      | 1097 ||| DROPPING scroll of butterflies.
  1098 | D:1      | 1098 ||| DROPPING potion of lignification.
  1198 | D:2      | Reached skill level 7 in Ranged Weapons
  1573 | D:2      | Reached XP level 4. HP: 15/25 MP: 6/6
  2060 | D:2      | 2060 ||| READING 2 scrolls of identify.
  2060 | D:2      | 2060 ||| IDENTIFYING viscous orange potion
  2061 | D:2      | 2061 ||| READING scroll of identify.
  2061 | D:2      | 2061 ||| IDENTIFYING fizzy yellow potion
  2062 | D:2      | 2062 ||| READING scroll labelled CUYSSO SUNONTE.
  2062 | D:2      | 2062 ||| ENCHANTING +0 shortbow.
  2063 | D:2      | 2063 ||| DRINKING 2 fizzy black potions.
  2091 | D:3      | HP: 5/25 [poisoned by an adder]
  2092 | D:3      | 2092 ||| READING 2 scrolls of teleportation.
  2092 | D:3      | Succumbed to an adder's poison

Levels and vault maps discovered:
D:1:      amcnicky_arrival_blooded_trapdoor, layout_basic, minivault_27,
          minmay_misc_feat_hallway
D:2:      layout_basic
D:3:      layout_basic, mainiacjoe_overflow_alcove_2

Skill      XL: |  1  2  3 |
---------------+----------+-----
Ranged Weapons | 6 7 |  7.6
Fighting       | |  1.5
Dodging        | |  2.4
Stealth        | |  1.2

Action                     |  1- 3 |  4- 6 || total
---------------------------+-------+-------++-------
   Fire: Shortbow          |    94 |    26 ||   120
    Use: Scroll            |     4 |     4 ||     8
         Potion            |       |     1 ||     1
 Armour: Leather armour    |     3 |       ||     3
         Animal skin       |     7 |     9 ||    16
  Dodge: Dodged            |     9 |     8 ||    17

Table legend:
 A = Non-vault XP
 B = Vault XP
 C = Vault XP percentage of total XP
 D = Non-vault monster count
 E = Vault monster count
 F = Vault count percentage of total count
                 A         B        C        D         E       F
            +---------+---------+-------+---------+---------+-------
      Total |     113 |       0 |   0.0 |      42 |       0 |   0.0
            +---------+---------+-------+---------+---------+-------
        D:1 |      43 |       0 |   0.0 |      19 |       0 |   0.0
        D:2 |      63 |       0 |   0.0 |      20 |       0 |   0.0
        D:3 |       7 |       0 |   0.0 |       3 |       0 |   0.0
            +---------+---------+-------+---------+---------+-------
